Cogmind - Beta 16 @@@ ROGUE MODE // 2025.11.15 @ 11:13:45 Player: goodsprings Result: Destroyed by B-75 Beast with Heavy Plasma Cannon Performance ------------- Evolutions (4) 2000 Regions Visited (7) 1400 Robots Destroyed (20) 100 Value Destroyed (780) 780 Prototype IDs (0) 0 Alien Tech Used (0) 0 Bonus (700) 700 TOTAL SCORE: 4980 Bonus ------- Entered Garrisons 200 Entered DSFs 500 Cogmind --------- Core Integrity 0/850 Matter 284/300 Energy 100/100 System Corruption 8% Temperature Cool (12) Movement Core (50) Location -6/Garrison Parts ------- > --- POWER (3) -------- (None) > --- PROPULSION (5) --- (None) > --- UTILITY (4) ------ Dynamic Insulation System > --- WEAPON (3) ------- (None) > --- INVENTORY (5) ---- Hardlight Generator Peak State ------------ > --- POWER ------------ Micro Nuclear Core Micro Fission Core > --- PROPULSION ------- Flexi-carbon Leg Flexi-carbon Leg Nuclear Pulse Thruster > --- UTILITY ---------- Improved Heat Sink Improved Terrain Scanner Reaction Control System Dynamic Insulation System > --- WEAPON ----------- Tesla Rifle Ion Cannon Improved Remote Datajack > --- INVENTORY -------- Hardlight Generator [Rating: 53] Favorites ----------- Power Ion Engine Engine Ion Engine Power Core Light Nuclear Core Propulsion Advanced Treads Treads Advanced Treads Leg Titanium Leg Wheel Wheel Flight Unit Nuclear Pulse Thruster Utility ECM Suite Device ECM Suite Storage Small Battery Hackware Hacking Suite Protection Improved Light Armor Plating Weapon Axe Energy Gun Tesla Rifle Energy Cannon Ion Cannon Ballistic Gun Light Assault Rifle Special Weapon Improved Remote Datajack Slashing Weapon Axe Build | -11 -10 -10 -8 -7 -7 -6 -6 ------- Run | Yrd Mat Sub Mat Fac DSF Fac Gar Slots Evolved 8 | . . . 4 2 . 2 . Power 2 | . . . 2 . . . . Propulsion 3 | . . . 2 1 . . . Utility 2 | . . . . 1 . 1 . Weapon 1 | . . . . . . 1 . Parts Attached 54 | 5 3 3 14 . 7 21 1 Power 9 | 1 . 1 3 . 1 3 . Engine 3 | 1 . 1 . . 1 . . Core 6 | . . . 3 . . 3 . Reactor . | . . . . . . . . Propulsion 21 | 2 . 2 8 . 3 6 . Treads 12 | . . . 8 . 3 1 . Leg 4 | . . . . . . 4 . Wheel 4 | 2 . 2 . . . . . Hover . | . . . . . . . . Flight 1 | . . . . . . 1 . Utility 11 | . 3 . 1 . 2 5 . Device 6 | . 2 . 1 . . 3 . Storage 1 | . 1 . . . . . . Processor . | . . . . . . . . Hackware 2 | . . . . . 2 . . Protection 2 | . . . . . . 2 . Artifact . | . . . . . . . . Weapon 13 | 2 . . 2 . 1 7 1 Energy Gun 2 | . . . 1 . . 1 . Energy Cannon 1 | . . . . . . 1 . Ballistic Gun 6 | 2 . . 1 . 1 1 1 Ballistic Cannon . | . . . . . . . . Launcher . | . . . . . . . . Special Weapon 1 | . . . . . . 1 . Impact Weapon . | . . . . . . . . Slashing Weapon 3 | . . . . . . 3 . Piercing Weapon . | . . . . . . . . Special Melee Weapon . | . . . . . . . . Unidentified Prototypes . | . . . . . . . . Parts Lost 41 | . . 2 5 . 12 10 12 Power 8 | . . 1 2 . 2 1 2 Propulsion 14 | . . 1 . . 7 3 3 Utility 7 | . . . . . 2 2 3 Weapon 12 | . . . 3 . 1 4 4 Highest Loss Streak 11 | . . 2 2 . 11 7 9 To Critical Strikes . | . . . . . . . . Average Backups 2 | 1 1 2 3 5 2 2 1 Power . | . 1 . . 1 . . . Propulsion . | . . . 2 3 1 . . Utility . | . . 1 . . . . 1 Weapon . | . . . . 1 . . . Tool/Special . | . . . . . . . . Unused Backups 1 | . . . 1 . . . . Power . | . . . . . . . . Propulsion . | . . . . . . . . Utility 1 | . . . 1 . . . . Weapon . | . . . . . . . . Tool/Special . | . . . . . . . . Average Slot Usage (%) 63 | . 89 95 83 69 64 43 68 Engine 4 | . 14 11 8 . 1 . . Core 3 | . . . 6 15 12 1 12 Treads 7 | . . . 31 30 25 . . Leg 4 | . . . . . . 7 13 Wheel 6 | . 28 26 3 . . . . Flight 2 | . . . . . . 3 5 Device 10 | . 13 28 18 15 13 3 19 Protection 3 | . . . . . . 6 . Energy Gun 1 | . . . 2 . . 1 5 Ballistic Gun 9 | . 28 28 13 7 8 . 2 Slashing Weapon 6 | . . . . . . 13 . Peak Build Rating 53 | 5 7 9 29 27 37 53 53 Average Rating 20 | 2 6 6 21 27 24 22 44 On Entrance 16 | . 5 7 9 27 27 3 53 Avg Prop Armor Cover (%) 12 | . . . . . . 15 2 Naked Turns 2 | . . . . . . 2 . Heaviest Build 31 | 8 11 11 20 17 31 31 31 Greatest Support 110 | 20 20 40 88 88 110 40 40 Greatest Overweight (x) 6 | 1 . . . . . 6 . Average Overweight (x) . | . . . . . . 2 . Largest Inventory Capacity 5 | 5 5 5 5 5 5 5 5 Average Capacity 5 | 5 5 5 5 5 5 5 5 Most Carried 5 | 5 2 5 5 5 4 5 2 Average Carried 2 | 2 1 3 3 5 2 2 1 Final Capacity 5 | 5 5 5 5 5 5 5 5 Final Carried 5 | 1 2 5 5 5 1 1 1 Class Distribution -------------------- 66% | Mutant 19% | Infiltrator-Mutant 11% | Scavenger-Skirmisher Dominant Class ---------------- Mutant | -10/Materials Infiltrator-Mutant | -10/Subcaves Mutant | -8/Materials Mutant | -7/Factory Mutant | -7/DSF Mutant | -6/Factory Scavenger-Gunner | -6/Garrison Resources | -11 -10 -10 -8 -7 -7 -6 -6 ----------- Run | Yrd Mat Sub Mat Fac DSF Fac Gar Matter Collected 874 | 200 37 67 291 . 3 220 56 Remotely . | . . . . . . . . Salvage Created 788 | . 66 89 340 . . 216 77 Parts 57 | . 9 7 20 . . 17 4 Haulers Intercepted . | . . . . . . . . Recyclers Shooed 1 | . . . . . . 1 . Parts Field Recycled . | . . . . . . . . Retrieved Matter . | . . . . . . . . Parts Self-Destructed 3 | . . 3 . . . . . Prevented . | . . . . . . . . Parts Restored . | . . . . . . . . Kills | -11 -10 -10 -8 -7 -7 -6 -6 ------- Run | Yrd Mat Sub Mat Fac DSF Fac Gar Combat Hostiles Destroyed 18 | . 3 2 6 . . 4 3 Melee 1 | . . . . . . 1 . Guns 14 | . 3 2 6 . . 2 1 Cannons 2 | . . . . . . 1 1 AOE 1 | . . . . . . . 1 Classes Destroyed 9 | . 2 1 5 . . 1 . Tunneler 1 | . . . 1 . . . . Watcher 1 | . 1 . . . . . . Swarmer 6 | . 3 . . . . . 3 Grunt 2 | . . . 2 . . . . Sentry 3 | . . . 1 . . 2 . Specialist 2 | . . . 2 . . . . Hunter 1 | . . . 1 . . . . Programmer 2 | . . . . . . 2 . Subdweller 2 | . . 2 . . . . . Best Kill Streak 3 | . 3 2 2 . . 1 2 Combat Bots Only 3 | . 3 2 2 . . 1 2 Max Kills in Single Turn 2 | . 2 1 1 . . 1 1 Gunslinging 1 | . 1 . . . . . . Exploded 1 | . . . . . . . 1 Melee 1 | . . . . . . 1 . Uniques/NPCs Destroyed . | . . . . . . . . Combat | -11 -10 -10 -8 -7 -7 -6 -6 -------- Run | Yrd Mat Sub Mat Fac DSF Fac Gar Hostile Shots Fired 637 | . 19 23 98 . 92 312 93 Missed 201 | . 6 10 17 . 28 115 25 Hits 436 | . 13 13 81 . 64 197 68 Melee 2 | . . . . . 2 . . Projectile 434 | . 13 13 81 . 62 197 68 Critical Strikes 14 | . . . 5 . 3 4 2 Part Disruptions 1 | . . . . . . 1 . Damage Taken 6396 | . 138 254 1453 . 1612 1868 1071 Core 1819 | . 35 95 297 . 524 613 255 Absorbed by Shields 21 | . . . . . . . 21 Core Remaining (%) 54 | 100 . 48 46 . 25 . . Volleys Fired 90 | . 6 8 43 . . 11 22 Largest 2 | . 2 2 2 . . 2 2 Hottest 125 | . 40 40 93 . . 88 125 Shots Fired 137 | . 12 16 65 . . 15 29 Gun 125 | . 12 16 65 . . 4 28 Cannon 12 | . . . . . . 11 1 Launcher . | . . . . . . . . Special . | . . . . . . . . Kinetic 98 | . 12 16 56 . . 4 10 Thermal 21 | . . . 9 . . 11 1 Explosive . | . . . . . . . . Electromagnetic 18 | . . . . . . . 18 Robot Hit Streak 16 | . 3 6 16 . . 8 3 Robot Miss Streak 5 | . 3 1 2 . . 3 5 Penetration Max 1 | . . . 1 . . . . Secondary Targets 3 | . 1 1 1 . . . . Max Gunslinging Chain 1 | . 1 1 1 . . . . Shots Hit Robots 101 | . 5 14 49 . . 20 13 Core Hits 47 | . 5 6 17 . . 14 5 Critical Kills . | . . . . . . . . Critical Parts Destroyed 2 | . . . 2 . . . . Critical Strikes 4 | . . . 2 . . 2 . Destroy 2 | . . . 2 . . . . Sever 2 | . . . . . . 2 . Melee Attacks 15 | . . . . . . 15 . Impact . | . . . . . . . . Slashing 15 | . . . . . . 15 . Piercing . | . . . . . . . . Sneak Attacks . | . . . . . . . . Combat Hostiles . | . . . . . . . . Follow-up Attacks 5 | . . . . . . 5 . Damage Inflicted 1751 | . 47 143 635 . . 649 277 Guns 1129 | . 47 143 635 . . 90 214 Cannons 210 | . . . . . . 186 24 Explosions 39 | . . . . . . . 39 Melee 373 | . . . . . . 373 . Ramming . | . . . . . . . . Kinetic 912 | . 47 143 524 . . 90 108 Thermal 360 | . . . 111 . . 186 63 Explosive . | . . . . . . . . Electromagnetic 106 | . . . . . . . 106 Impact . | . . . . . . . . Slashing 373 | . . . . . . 373 . Piercing . | . . . . . . . . Highest Corruption 8 | . . . . . 5 8 8 Average Corruption 6 | . . . . . 5 5 8 Corruption Purged . | . . . . . . . . Corruption Blocked . | . . . . . . . . Effects 19 | . . . . . . 15 4 Message Errors 2 | . . . . . . 2 . Matter Fused 5 | . . . . . . 3 2 Heat Flow Errors 2 | . . . . . . 2 . Energy Discharges 1 | . . . . . . . 1 Parts Rejected 2 | . . . . . . 2 . Data Loss (minor) 2 | . . . . . . 2 . Data Loss (major) 1 | . . . . . . 1 . Alerts 3 | . . . . . . 3 . Weapon Failures 1 | . . . . . . . 1 Overload Shots . | . . . . . . . . Overflow Damage 19 | . . . . . . 12 7 Projectiles . | . . . . . . . . Explosions 7 | . . . . . . . 7 Melee 12 | . . . . . . 12 . Knockbacks . | . . . . . . . . Impact . | . . . . . . . . Kinetic . | . . . . . . . . Secondary . | . . . . . . . . Self-Inflicted Damage 44 | . . . . . . . 44 Shots 1 | . . . . . . . 1 Rammed . | . . . . . . . . Targets Rammed . | . . . . . . . . Kicked . | . . . . . . . . Crushed . | . . . . . . . . Highest Temperature 275 | . . . 256 . . 275 40 Average Temperature 76 | . . . 72 . . 148 15 Received Heat Transfer 951 | . . 84 351 . 108 396 12 Effects 1 | . . . . . . 1 . Interference 1 | . . . . . . 1 . Siege Activations . | . . . . . . . . Martial Activations . | . . . . . . . . Shielding Activations . | . . . . . . . . Robots Disrupted . | . . . . . . . . Combat Hostiles . | . . . . . . . . Robots Corrupted . | . . . . . . . . Combat Hostiles . | . . . . . . . . Parts Fried 1 | . . . . . . . 1 Impact Corruptions . | . . . . . . . . Robots Melted . | . . . . . . . . Combat Hostiles . | . . . . . . . . Parts Melted . | . . . . . . . . Heat Transferred 555 | . . . 259 . . 259 37 Parts Sabotaged . | . . . . . . . . Parts Stolen . | . . . . . . . . Parts Stripped . | . . . . . . . . Power Chain Reactions 1 | . . . . . . . 1 Alert | -11 -10 -10 -8 -7 -7 -6 -6 ------- Run | Yrd Mat Sub Mat Fac DSF Fac Gar Maximum Alert Level . | . . . . . . . . Low Security (%) 100 | 100 100 . 100 100 100 100 100 Level 1 . | . . . . . . . . Level 2 . | . . . . . . . . Level 3 . | . . . . . . . . Level 4 . | . . . . . . . . Level 5 . | . . . . . . . . High Security . | . . . . . . . . Max Security . | . . . . . . . . Peak Influence 100 | . 100 . 55 19 13 37 46 Initial 14 | . . . . 14 13 . . Average 13 | . 45 . 14 14 3 5 19 Influence Increases 533 | . 133 . 180 5 . 139 76 Destroy 0b10 Robot/C 320 | . 60 . 120 . . 80 60 Destroy 0b10 Robot/NC 10 | . 5 . 5 . . . . Destroy Leader 102 | . 12 . 40 . . 40 10 Successful Hack 20 | . 11 . . 5 . 4 . Disable Machine 15 | . . . 15 . . . . Destroy Structure 6 | . . . . . . . 6 Partial Spotted 15 | . 15 . . . . . . Lose Combat Pursuer 45 | . 30 . . . . 15 . Influence Decreases 533 | . 109 24 148 18 19 139 76 Entered New Map 36 | . . 12 . 18 6 . . Time Decay 337 | . 109 12 123 . . 93 . Lost Part 160 | . . . 25 . 13 46 76 Squads Dispatched 4 | . . . 2 . 1 1 . Investigation 1 | . . . 1 . . . . Extermination 1 | . . . . . . 1 . Reinforcement 2 | . . . 1 . 1 . . Assault . | . . . . . . . . Garrison . | . . . . . . . . Intercept . | . . . . . . . . Searches Triggered . | . . . . . . . . Construction Impeded . | . . . . . . . . Haulers Reinforced . | . . . . . . . . Active Scanning Responses . | . . . . . . . . Cargo Convoy Interrupts . | . . . . . . . . Stealth | -11 -10 -10 -8 -7 -7 -6 -6 --------- Run | Yrd Mat Sub Mat Fac DSF Fac Gar Distress Signals 1 | . . . . . . 1 . Communications Jammed . | . . . . . . . . Distress Signals . | . . . . . . . . Times Spotted 55 | . 13 3 13 . 9 7 10 Peak Tracking Total 9 | . 9 2 4 . 6 4 6 Tactical Retreats 5 | . 1 . . . 3 1 . ECM-based Alert Blocks 3 | . . . . . 3 . . Traps | -11 -10 -10 -8 -7 -7 -6 -6 ------- Run | Yrd Mat Sub Mat Fac DSF Fac Gar Traps Triggered 5 | . 1 . 2 . 1 . 1 Indirectly . | . . . . . . . . Trap Hack Attempts . | . . . . . . . . Triggered . | . . . . . . . . Disarmed . | . . . . . . . . Reprogrammed . | . . . . . . . . Reused . | . . . . . . . . Traps Extracted . | . . . . . . . . Installed . | . . . . . . . . Triggered . | . . . . . . . . Machines | -11 -10 -10 -8 -7 -7 -6 -6 ---------- Run | Yrd Mat Sub Mat Fac DSF Fac Gar Machines Disabled 1 | . . . 1 . . . . Max in Single Turn 1 | . . . 1 . . . . Machines Repaired . | . . . . . . . . Machines Dismantled . | . . . . . . . . Machines Sabotaged . | . . . . . . . . Overloaded Fab Kills . | . . . . . . . . Hacking | -11 -10 -10 -8 -7 -7 -6 -6 --------- Run | Yrd Mat Sub Mat Fac DSF Fac Gar Machines Accessed 7 | . 4 . . 1 . 2 . Terminals 4 | . 3 . . 1 . . . Fabricators 1 | . . . . . . 1 . Repair Stations . | . . . . . . . . Recycling Units 1 | . 1 . . . . . . Scanalyzers . | . . . . . . . . Garrison Access 1 | . . . . . . 1 . Total Hacks 18 | . 13 . . 1 . 4 . Successful 14 | . 10 . . 1 . 3 . Failed 4 | . 3 . . . . 1 . Catastrophic . | . . . . . . . . Database Lockouts . | . . . . . . . . Manual . | . . . . . . . . Terminals 11 | . 10 . . 1 . . . Fabricators 3 | . . . . . . 3 . Repair Stations . | . . . . . . . . Recycling Units 3 | . 3 . . . . . . Scanalyzers . | . . . . . . . . Garrison Access 1 | . . . . . . 1 . Terminal Hacks 9 | . 8 . . 1 . . . Record 4 | . 4 . . . . . . Open DSF 1 | . . . . 1 . . . Emergency Access Points 1 | . 1 . . . . . . Locate Traps 1 | . 1 . . . . . . Hauler Manifests 1 | . 1 . . . . . . Zone Layout 1 | . 1 . . . . . . Fabricator Hacks 2 | . . . . . . 2 . Network Status 2 | . . . . . . 2 . Repair Station Hacks . | . . . . . . . . Recycling Unit Hacks 2 | . 2 . . . . . . Process 1 | . 1 . . . . . . Report Inventory 1 | . 1 . . . . . . Scanalyzer . | . . . . . . . . Garrison Access Hacks 1 | . . . . . . 1 . Unlock Access 1 | . . . . . . 1 . Unauthorized Hacks . | . . . . . . . . Terminals . | . . . . . . . . Fabricators . | . . . . . . . . Repair Stations . | . . . . . . . . Recycling Units . | . . . . . . . . Scanalyzers . | . . . . . . . . Garrison Access . | . . . . . . . . Data Cores Recovered . | . . . . . . . . Used . | . . . . . . . . Hacking Detections 3 | . 3 . . . . . . Full Trace Events . | . . . . . . . . Feedback Events . | . . . . . . . . Feedback Blocked . | . . . . . . . . Robot Schematics Acquired . | . . . . . . . . Robots Built . | . . . . . . . . Authchips . | . . . . . . . . Time . | . . . . . . . . Total Robot Build Rating . | . . . . . . . . Part Schematics Acquired . | . . . . . . . . Parts Built . | . . . . . . . . Authchips . | . . . . . . . . Time . | . . . . . . . . Total Part Build Rating . | . . . . . . . . Part Studies Acquired . | . . . . . . . . Parts Repaired . | . . . . . . . . Time . | . . . . . . . . Parts Recycled . | . . . . . . . . Recycled Matter 7 | . 7 . . . . . . Retrieved Matter . | . . . . . . . . Retrieved Components . | . . . . . . . . Parts Scanalyzed . | . . . . . . . . Part Schematics Acquired . | . . . . . . . . Parts Damaged . | . . . . . . . . Bothacking | -11 -10 -10 -8 -7 -7 -6 -6 ------------ Run | Yrd Mat Sub Mat Fac DSF Fac Gar Used RIF Installer . | . . . . . . . . Robots Hacked . | . . . . . . . . Non-combat . | . . . . . . . . Combat . | . . . . . . . . Robot Hacks Applied . | . . . . . . . . Relay Couplers Released 3 | . . . . . . 3 . Programmers 3 | . . . . . . 3 . Fabnet Peak Effective % . | . . . . . . . . Robots Rewired . | . . . . . . . . Allies Hacked . | . . . . . . . . Hacks Repelled . | . . . . . . . . Allies | -11 -10 -10 -8 -7 -7 -6 -6 -------- Run | Yrd Mat Sub Mat Fac DSF Fac Gar Total Allies . | . . . . . . . . Largest Group . | . . . . . . . . Highest-Rated Group . | . . . . . . . . Highest-Rated Ally . | . . . . . . . . Total Orders . | . . . . . . . . Ally Attacks . | . . . . . . . . Total Damage . | . . . . . . . . Kills . | . . . . . . . . Allies Corrupted . | . . . . . . . . Allies Melted . | . . . . . . . . Intel | -11 -10 -10 -8 -7 -7 -6 -6 ------- Run | Yrd Mat Sub Mat Fac DSF Fac Gar Active Infowar (turns) 1152 | . 185 167 404 11 126 191 68 Terrain 630 | . . . 240 11 120 191 68 Structural 516 | . 185 167 164 . . . . ECM 790 | . 82 167 404 11 126 . . Robot Analysis Total . | . . . . . . . . Derelict Logs Recovered 1 | . . 1 . . . . . Drone Launches . | . . . . . . . . Drone Recoveries . | . . . . . . . . Exploration | -11 -10 -10 -8 -7 -7 -6 -6 ------------- Run | Yrd Mat Sub Mat Fac DSF Fac Gar Turns Passed 2237 | 33 275 167 404 11 138 1069 140 Spaces Moved 1329 | 33 314 170 192 8 96 447 69 Core 365 | 16 . . . . 11 338 . Treads 252 | . . . 155 8 85 4 . Legs 130 | . . . . . . 61 69 Wheels 538 | 17 314 170 37 . . . . Hover . | . . . . . . . . Flight 44 | . . . . . . 44 . Fastest Speed 50 | 50 80 80 100 145 50 50 120 Average Speed 140 | 70 80 80 136 145 134 215 120 Slowest Speed 350 | 100 80 110 145 145 145 350 120 Overloaded Moves . | . . . . . . . . Propulsion Burnouts . | . . . . . . . . Robots Hopped . | . . . . . . . . Potential Cave-ins . | . . . . . . . . Cave-ins Triggered . | . . . . . . . . Exploration Rate (%) 26 | 3 66 15 18 1 86 10 12 Regions Visited 7 Branch Regions 1 Pre-discovered Areas . | . . . . . . . . Known Exits Taken 2 | . . . . 1 . 1 . Unknown Exits Taken 4 | 1 1 1 1 . . . . Scrap Searched . | . . . . . . . . Spaces Dug . | . . . . . . . . Terrain Destroyed 8 | . . . 1 . . . 7 Melee . | . . . . . . . . Projectile 1 | . . . 1 . . . . AOE 7 | . . . . . . . 7 Terrain Rammed . | . . . . . . . . Walls Destroyed . | . . . . . . . . Machines Disabled . | . . . . . . . . Actions | -11 -10 -10 -8 -7 -7 -6 -6 --------- Run | Yrd Mat Sub Mat Fac DSF Fac Gar Total 1554 | 42 326 185 275 7 104 517 98 Wait 2 | . 1 . . . . . 1 Move 1322 | 32 313 169 191 7 95 446 69 Hop . | . . . . . . . . Pick Up 51 | 5 3 4 15 . 2 21 1 Fast Attach 9 | 1 . 1 4 . . 3 . Attach 42 | 4 2 1 5 . 6 23 1 Detach 2 | . . . . . . 2 . Swap 9 | . 1 1 6 . 1 . . Drop 13 | . . 1 11 . . 1 . Fire 90 | . 6 8 43 . . 11 22 Melee 10 | . . . . . . 10 . Ram . | . . . . . . . . Kick . | . . . . . . . . Crush . | . . . . . . . . Escape Stasis 4 | . . . . . . . 4 Rewire . | . . . . . . . . Trap . | . . . . . . . . Miscellaneous . | . . . . . . . . Route ------- -11/Scrapyard -10/Materials (discovered 4 exits: [*Mat] / [*Min x2] / [*Sub]) -10/Subcaves -8/Materials -7/Factory -7/DSF -6/Factory -6/Garrison History --------- Turn | Location | Event 14 | -11/Scrapyard | Discovered new exit (range 16) 34 | -11/Scrapyard | Entered Materials 35 | -10/Materials | Met a group of wandering Federalists 72 | -10/Materials | Discovered new exit (range 15) 93 | -10/Materials | Discovered new exit (range 15) 296 | -10/Materials | Discovered new exit (range 8) 300 | -10/Materials | Discovered new exit (range 8) 309 | -10/Materials | Entered Subcaves 310 | -10/Subcaves | Continued accompanying wandering Federalists (4) 326 | -10/Subcaves | Learned Materials security intel 386 | -10/Subcaves | Discovered new exit (range 14) 463 | -10/Subcaves | Core integrity fell below 50% 476 | -10/Subcaves | Entered Materials 476 | -8/Materials | Evolved 4 slots: Power x2, Propulsion x2 555 | -8/Materials | Build established: Infiltrator-Mutant 827 | -8/Materials | Discovered new exit (range 15) 877 | -8/Materials | Core integrity fell below 50% 880 | -8/Materials | Entered Factory 880 | -7/Factory | Evolved 2 slots: Propulsion x1, Utility x1 889 | -7/Factory | Identified exit to DSF 891 | -7/Factory | Entered DSF 929 | -7/DSF | Additional patrols routed to DSF 933 | -7/DSF | Build established: Mutant 999 | -7/DSF | Discovered new exit (range 16) 1024 | -7/DSF | Core integrity fell below 50% 1029 | -7/DSF | Entered Factory 1029 | -6/Factory | Evolved 2 slots: Utility x1, Weapon x1 1058 | -6/Factory | Lost 11 parts (2p6n2u1w) 1786 | -6/Factory | Core integrity fell below 50% 1835 | -6/Factory | Lost 7 parts (2n2u3w) 1913 | -6/Factory | Lost 3 parts (1p1n1w) 2068 | -6/Factory | Identified exit to Garrison 2098 | -6/Factory | Entered Garrison 2165 | -6/Garrison | Core integrity fell below 20% 2197 | -6/Garrison | Lost 3 parts (2u1w) 2206 | -6/Garrison | Spotted B-75 Beast 2238 | -6/Garrison | Destroyed by B-75 Beast with Heavy Plasma Cannon Last Messages --------------- payload. 02213_ H-66 Slayer unfolds itself. 02213_ Penetrated by Slug. 02214_ Tesla Rifle destroyed. 02216_ Penetrated by Slug. 02216_ Nuclear Pulse Thruster destroyed. 02217_ Mic. Fission Core destroyed. 02221_ Penetrated by Slug. 02221_ Slug penetrates Wall. 02226_ Imp. Remote Datajack destroyed. 02228_ Autogun destroyed. 02229_ Slug penetrates Wall. 02230_ Flexi-carbon Leg destroyed. 02231_ Wall collapses. 02232_ Slug penetrates S-27 Virus. 02232_ Imp. Heat Sink destroyed. 02236_ Mic. Nuclear Core destroyed. 02236_ Penetrated by Slug. 02236_ Slug penetrates Wall. 02237_ Flexi-carbon Leg destroyed. Map ----- +----------------------------------------------------+ | ?????????????????????????????????????????????????? | | ?????????????????????????????????????????????????? | | ?????????????????????????????????????????????????? | | ?????????????????????????????????????????????????? | | ?????????????????????????????????????????????????? | | ?????????????????????????????????????????????????? | | ?????????????????????????????????????????????????? | | ?????????????????????????????????????????????????? | | ????????????????????????????????????????#????????? | | ??????????????????????????????????????? #????????? | | ????????????????????????????????????? ????????? | | ???????????????????????????????????? ?????????? | | ?????????????????????????###??????? ???????????? | | ?????????????????????????# ????? ?????????????? | | ?????????????????????????#"#???? #??????????????? | | ????????????##############+#### ## #????????? | | ????????????? % ?????? | | ????????????????????# ?????? | | ????????????????????# ###;#### ?????? | | ????????????????????# #?#h#???????#""""#????????? | | ????????????????????# #?# #????? #??????????????? | | ????????????????????# ###s##### #??????????????? | | ????????????????????# ##;s#;;;; #??????????????? | | ????????????????##??# ##sBB + #??????????????? | | ????????????????# ### ## BB"### #??????????????? | | ???????###########""" =##@###### #??????????????? | | ???????# % * #??????????????? | | ???????# #??????????????? | | ???????# ##### #""#; ###########????????????????? | | ???????# #?### ##### #??????????????????????????? | | ???????# #?#!! #???# #??????????????????????????? | | ??????## #?#!! #???# #??????????????????????????? | | ??????# #?### ##??# #??????????????????????????? | | ??????# #??# #??# ??????????????????????????? | | ??????# #??#" "#???##??????????????????????????? | | ??????# #??#" "#???????????????????????????????? | | ??????## #??#" "#???????????????????????????????? | | ?????### #??#"""#???????????????????????????????? | | ?????# #??#####???????????????????????????????? | | ?????# #??????????????????????????????????????? | | ?????# #??????????????????????????????????????? | | ?????######??????????????????????????????????????? | | ?????????????????????????????????????????????????? | | ?????????????????????????????????????????????????? | | ?????????????????????????????????????????????????? | | ?????????????????????????????????????????????????? | | ?????????????????????????????????????????????????? | | ?????????????????????????????????????????????????? | | ?????????????????????????????????????????????????? | | ?????????????????????????????????????????????????? | +----------------------------------------------------+ Best States ------------- Heat Dissipation 51 Energy Generation 34 Energy Capacity 410 Matter Stores 300 Matter Capacity 300 Sight Range 16 Terrain Scan Range 16 Terrain Scan Density 10 ECM Strength 1 EM Shielding 2 Armor Coverage 300 Evasion (%) 63 Recoil Reduction 5 Offensive Hacking 10 Authchip Count 1 Item Schematics ----------------- None Robot Schematics ------------------ None Fabricated ------------ Nothing Repaired ---------- Nothing Studied --------- None Alien Tech Used ----------------- None Achievements -------------- Botjacking I Have A Map? Let Me Out Of Here Organ Harvest Strength In Numbers Window Shopping Challenges ------------ None Game ------ Seed StasisDeuteriumShield Manual? 0 Play Time 00:34:50 Cumulative 25.6 hours Start 2025.11.15 @ 10:40:48 End 2025.11.15 @ 11:13:45 Sessions 1 Manual Loads 0 Difficulty Rogue Special Mode None Game No. 33 Rogue 31 Adventurer 2 Explorer 0 Win Type - Total 0 Types 0/0/0/0/0/0/0/0/0/0 Lore% 10 Gallery% 22 Achievement% 15 Wizard Run 0 Options --------- Layout 2 ASCII 0 Keyboard 0 Movement Mouse Keybinds 0 Fullscreen 1 Font 32/Terminus Map View 25x22 Zoom Use 91% Tactical HUD 1 Map Filters NONE Filters NONE Steam 1 RUN: 3d2375ce-889b-471f-ad77-98b5374d6c50